 Dungeon Crawl Stone Soup version 0.22.1-1-ga44c0e5 (webtiles) character file.

131 MalarOregon the Chiller (level 5, -2/38 HPs)
             Began as a Merfolk Ice Elementalist on Nov 7, 2018.
             Slain by Sigmund
             ... wielding a +0 scythe
              (9 damage)
             ... on level 3 of the Dungeon.
             The game lasted 00:10:07 (3238 turns).

MalarOregon the Chiller (Merfolk Ice Elementalist)  Turns: 3238, Time: 00:10:08

Health: -2/38      AC:  2    Str:  8    XL:     5   Next: 14%
Magic:  8/8        EV: 13    Int: 16    God:
Gold:   182        SH:  4    Dex: 14    Spells: 6/9 levels left

rFire    . . .     SeeInvis .   o - +0 blowgun
rCold    . . .     Gourm    .   i - +0 buckler
rNeg     . . .     Faith    .   a - +0 robe
rPois    .         Spirit   .   (no helmet)
rElec    .         Reflect  .   k - scarf {cloud immunity}
rCorr    .         Harm     .   (no gloves)
MR       .....                  (no boots)
Stlth    ++........             (no amulet)
HPRegen  0.12/turn              (no ring)
MPRegen  0.11/turn              (no ring)

@: no status effects
A: change form in water, swift swim, stealthy swim
a: no special abilities


You were on level 3 of the Dungeon.
You were not hungry.

You visited 1 branch of the dungeon, and saw 3 of its levels.

You collected 182 gold pieces.

Inventory:

Hand Weapons
 m - a +0 falchion
   (You found it on level 2 of the Dungeon)
 o - a +0 blowgun (weapon)
   (You took it off a kobold on level 3 of the Dungeon)
Missiles
 b - 24 poisoned needles (quivered)
Armour
 a - a +0 robe (worn)
 i - a +0 buckler (worn)
   (You found it on level 1 of the Dungeon)
 k - a scarf of cloud immunity (worn)
   (You found it on level 2 of the Dungeon)
Scrolls
 c - a scroll of random uselessness {unknown}
 d - a scroll of remove curse {unknown}
 g - a scroll of fear {unknown}
 j - 2 scrolls of magic mapping
 p - a scroll of fog {unknown}
 q - 2 scrolls of identify {@r1}
 s - 2 scrolls of enchant armour {unknown}
 u - a scroll of amnesia {unknown}
Potions
 f - 2 potions of might
 h - a potion of mutation {unknown}
 l - a potion of flight
 n - 2 potions of curing {unknown}
 r - a potion of haste {unknown}
 t - a potion of brilliance {unknown}
 v - a potion of resistance {unknown}
Comestibles
 e - 2 rations {!d}


   Skills:
 + Level 1.8 Fighting
 + Level 0.4 Throwing
 + Level 3.7 Dodging
 - Level 2.1 Stealth
 * Level 1.7 Shields
 + Level 2.6 Spellcasting
 - Level 0.7 Conjurations
 * Level 4.2 Ice Magic


You had 6 spell levels left.
You knew the following spells:

 Your Spells              Type           Power        Failure   Level  Hunger
a - Freeze                Ice            ###.         4%          1    #......
x - Throw Frost           Conj/Ice       ##....       14%         2    ##.....

Your spell library contained the following spells:

 Spells                   Type           Power        Failure   Level  Hunger
 Ozocubu's Armour         Chrm/Ice       #.......     32%         3    ###....
 Throw Icicle             Conj/Ice       ##......     67%         4    #####..
 Summon Ice Beast         Ice/Summ       #.......     71%         4    #####..


Dungeon Overview and Level Annotations

Branches:
Dungeon (3/15)

Altars:
Ashenzari
Nemelex Xobeh

Annotations:
D:3 Sigmund


Message History

Firing (i - inventory)
b - 33 poisoned needles (quivered)
You shoot a poisoned needle.
Firing (i - inventory)
b - 32 poisoned needles (quivered)
You shoot a poisoned needle. Something hits you but does no damage.
Firing (i - inventory)
b - 31 poisoned needles (quivered)
You shoot a poisoned needle. Something hits you.
Firing (i - inventory)
b - 30 poisoned needles (quivered)
You shoot a poisoned needle.
Firing (i - inventory)
b - 29 poisoned needles (quivered)
You shoot a poisoned needle. Something hits you but does no damage.
Firing (i - inventory)
b - 28 poisoned needles (quivered)
You shoot a poisoned needle. Something hits you!
* * * LOW HITPOINT WARNING * * *
Unknown command.
Something tries to affect you, but you resist.
Sigmund appears from thin air!
Reactivating autopickup.
Sigmund looks more healthy.
Firing (i - inventory)
b - 27 poisoned needles (quivered)
Aim: Sigmund, wielding a scythe and wearing a robe (moderately wounded)
You shoot a poisoned needle.
The poisoned needle barely misses Sigmund.
Firing (i - inventory)
b - 26 poisoned needles (quivered)
Aim: Sigmund, wielding a scythe and wearing a robe (moderately wounded)
You shoot a poisoned needle.
The poisoned needle barely misses Sigmund.
Sigmund says, "You will soon forget everything."
Sigmund casts a spell.
Sigmund flickers and vanishes!
Deactivating autopickup; reactivate with Ctrl-A.
Firing (i - inventory)
b - 25 poisoned needles (quivered)
You shoot a poisoned needle.
You hear some strange, mumbled words.
You are confused.
You bump into the rock wall.
You hear some strange, mumbled words.
Something tries to affect you, but you resist.
You bump into the rock wall.
You bump into the rock wall.
Something hits you!
* * * LOW HITPOINT WARNING * * *
Unknown command.
You bump into the rock wall.
You feel less confused. Something hits you!
You die...

#.###.##.####.(#
#.# #..........#
#.# ####.#####.#
#.# #.# #.# #.#
#.# #.# #.# #.#
#.# #####.## #.#
#.# .......#
#.#####.#
#####.##
#....@..# ###
#########


There were no monsters in sight!

Vanquished Creatures
  An orc wizard (D:3)
  3 adders
  An ooze (D:3)
  3 worms
  4 dart slugs
  2 leopard geckos (D:2)
  3 orcs (D:3)
  5 bats
  2 giant cockroaches (D:1)
  5 goblins
  4 hobgoblins
  2 jackals (D:1)
  8 kobolds
  A quokka (D:2)
  A ball python (D:2)
  5 frilled lizards
  6 rats
56 creatures vanquished.

Notes
Turn   | Place    | Note
-------+----------+-------------------------------------------
     0 | D:1      | MalarOregon the Merfolk Ice Elementalist began the quest
                  | for the Orb.
     0 | D:1      | Reached XP level 1. HP: 13/13 MP: 3/3
    65 | D:1      | Reached XP level 2. HP: 7/20 MP: 0/5
   344 | D:1      | Reached skill level 1 in Fighting
   726 | D:1      | Reached XP level 3. HP: 23/26 MP: 3/6
   993 | D:2      | Learned a level 2 spell: Throw Frost
  1301 | D:2      | Reached XP level 4. HP: 6/32 MP: 0/7
  1585 | D:2      | Found a shattered altar of Ashenzari.
  1871 | D:2      | Reached skill level 4 in Ice Magic
  2147 | D:2      | Reached skill level 1 in Shields
  2753 | D:3      | Reached XP level 5. HP: 37/38 MP: 8/8
  2786 | D:3      | Found a sparkling altar of Nemelex Xobeh.
  3023 | D:3      | Noticed Sigmund
  3238 | D:3      | Slain by Sigmund

Skill      XL: |  1  2  3  4 |
---------------+-------------+-----
Dodging        | 3 |  3.7
Fighting       | 1 |  1.8
Ice Magic      | 4 |  4.2
Shields        | 1 |  1.7
Throwing       | |  0.4
Stealth        | |  2.1
Spellcasting   | |  2.6
Conjurations   | |  0.7

Action                   |  1- 3 |  4- 6 || total
-------------------------+-------+-------++-------
Melee: Unarmed           |    29 |       ||    29
       Falchion          |    10 |    42 ||    52
       Staff             |     1 |       ||     1
 Fire: Blowgun           |       |    12 ||    12
 Cast: Freeze            |    57 |    33 ||    90
       Throw Frost       |       |     1 ||     1
  Use: Scroll            |       |     3 ||     3
 Stab: Sleeping          |       |     4 ||     4
  Eat: Chunk             |     2 |     3 ||     5
       Ration            |       |     1 ||     1
Armor: Robe              |    30 |    10 ||    40
Dodge: Dodged            |   101 |    37 ||   138
Block: Buckler           |     5 |     6 ||    11
       Rpst.: Falchion   |     3 |    10 ||    13
